 Dungeon Crawl Stone Soup version 0.21.1-1-g345015f (webtiles) character file.

83 Merlin the Cudgeler (level 4, -12/35 HPs)
             Began as a Demonspawn Chaos Knight on June 18, 2018.
             Mangled by dscm's ghost (14 damage)
             ... on level 3 of the Dungeon.
             The game lasted 00:08:17 (1283 turns).

Merlin the Cudgeler (Demonspawn Chaos Knight)       Turns: 1283, Time: 00:08:17

Health: -12/35     AC:  8    Str: 12    XL:     4   Next: 22%
Magic:  4/4        EV: 11    Int: 13    God:    Xom [..*...]
Gold:   61         SH:  0    Dex: 14    Spells: 3/3 levels left

rFire    . . .     SeeInvis .   a - +0 mace (chaos)
rCold    . . .     Gourm    .   (no shield)
rNeg     . . .     Faith    .   b - +2 leather armour
rPois    .         Spirit   .   (helmet restricted)
rElec    .         Reflect  .   (no cloak)
rCorr    .         Harm     .   k - +0 pair of gloves
MR       .....                  (no boots)
Stlth    +.........             (no amulet)
HPRegen  0.11/turn              (no ring)
MPRegen  0.09/turn              (no ring)

@: no status effects
A: antennae 2, thin metallic scales 1
a: Renounce Religion


You were on level 3 of the Dungeon.
You worshipped Xom.
You were a toy of Xom.
You were not hungry.

You visited 1 branch of the dungeon, and saw 3 of its levels.

You collected 61 gold pieces.

Inventory:

Hand Weapons
 a - a +0 mace of chaos (weapon)
Armour
 b - a +2 leather armour (worn)
 k - a +0 pair of gloves (worn)
Scrolls
 d - a scroll of magic mapping
 e - 2 scrolls of identify {unknown}
 g - a scroll of immolation
 h - a scroll of enchant weapon {unknown}
 l - 2 scrolls of teleportation
Comestibles
 c - 2 rations
 f - 3 chunks of flesh


   Skills:
 + Level 3.5 Fighting
 + Level 4.0 Maces & Flails
 + Level 1.9 Armour
 + Level 1.2 Dodging


You had 3 spell levels left.
You didn't know any spells.

Dungeon Overview and Level Annotations

Branches:
Dungeon (3/15)

Altars:

Annotations:
D:3 dscm's ghost, weakling DsFi


Innate Abilities, Weirdness & Mutations

You have a pair of antennae on your head.
You are partially covered in thin metallic scales. (AC +2)


Message History

Dscm's ghost barely misses you.
You sock dscm's ghost! You freeze dscm's ghost.
Dscm's ghost is heavily damaged.
Dscm's ghost misses you. Dscm's ghost hits you!
You barely miss dscm's ghost.
Dscm's ghost is heavily damaged.
Dscm's ghost hits you!
* * * LOW HITPOINT WARNING * * *
As you read the scroll labeled VEWEAG IW HEN, it crumbles to dust.
You feel aware of your surroundings.
It was a scroll of magic mapping.
Dscm's ghost whispers, "Everlasting silence awaits you..."
Dscm's ghost hits you.
* * * LOW HITPOINT WARNING * * *
Dscm's ghost hits you.
* * * LOW HITPOINT WARNING * * *
You hit dscm's ghost but do no damage.
Dscm's ghost is heavily damaged.
Dscm's ghost hits you!
You die...
Xom titters!

*,**,**
**,,,,,,,*****,,*
*,**** **,,,,,**
*,** *,* ##* **,,,**
*,* *,***#.** **+**
*,* *,,,,..,* *,*
*,* *****#.**
#.########.# #.*
##.#........#
#.######....##.#.###
#...@.......##.#.#
#..W.##.....##)#.#
#..#.##.#.#.##.#.#
##...##.###.##.#.#
#.............#.#
#.####.###......#
#......# ########
########


You could see dscm's ghost.

Vanquished Creatures
  A hound skeleton (D:2)
  3 adders (D:2)
  An ooze (D:2)
  A worm (D:2)
  A dart slug (D:1)
  3 goblins
  4 hobgoblins
  6 jackals
  6 kobolds
  3 bats
  A frilled lizard (D:1)
  7 rats
37 creatures vanquished.

Notes
Turn   | Place    | Note
-------+----------+-------------------------------------------
     0 | D:1      | Merlin the Demonspawn Chaos Knight began the quest for the Orb.
     0 | D:1      | Reached XP level 1. HP: 18/18 MP: 1/1
    54 | D:1      | Reached skill level 1 in Dodging
   301 | D:1      | Reached skill level 3 in Maces & Flails
   301 | D:1      | Gained mutation: You are partially covered in thin metallic scales. (AC +2) [demonic ancestry]
   301 | D:1      | Reached XP level 2. HP: 20/24 MP: 2/2
   604 | D:2      | Gained mutation: You have a pair of small antennae on your head. [demonic ancestry]
   604 | D:2      | Reached XP level 3. HP: 23/29 MP: 3/3
   745 | D:2      | HP: 1/29 [poisoned by an adder]
   869 | D:2      | XOM: potion effect (curing)
   877 | D:2      | Reached skill level 4 in Maces & Flails
   877 | D:2      | Gained mutation: You have a pair of antennae on your head. [demonic ancestry]
   877 | D:2      | Reached XP level 4. HP: 23/35 MP: 4/4
  1109 | D:2      | XOM: cloud trail
  1258 | D:3      | Noticed dscm's ghost (weakling DsFi)
  1283 | D:3      | Mangled by dscm's ghost

Skill      XL: |  1  2  3 |
---------------+----------+-----
Dodging        | 1 |  1.2
Maces & Flails | 3 4 |  4.0
Fighting       | |  3.5
Armour         | |  1.9

Action                   |  1- 3 |  4- 6 || total
-------------------------+-------+-------++-------
Melee: Mace              |    86 |    41 ||   127
  Use: Scroll            |     1 |     2 ||     3
       Potion            |     3 |       ||     3
  Eat: Chunk             |       |     1 ||     1
Armor: Leather armour    |    42 |    11 ||    53
Dodge: Dodged            |    61 |    28 ||    89
